 Dungeon Crawl Stone Soup version 0.31.0-32-g396128a36d (webtiles) character file.

Game seed: 2927363135045936126

4 ChadusMaximus the Caller (level 1, -2/13 HPs)
             Began as a Barachi Summoner on Mar 12, 2024.
             Slain by a quokka (4 damage)
             ... on level 2 of the Dungeon.
             The game lasted 00:00:35 (233 turns).

ChadusMaximus the Caller (Barachi Summoner)          Turns: 233, Time: 00:00:35

Health: -2/13      AC:  2    Str:  9    XL:     1   Next: 70%
Magic:  1/3        EV: 12    Int: 15    God:
Gold:   15         SH:  0    Dex: 12    Spells: 3/4 levels left

rFire   . . .        (no weapon)
rCold   . . .        (no shield)
rNeg    . . .        a - +0 robe
rPois   .            (no helmet)
rElec   .            (no cloak)
rCorr   .            (no gloves)
SInv    .            (no boots)
Will    .....        (no amulet)
Stlth   ++           (no ring)
HPRegen 0.22/turn    (no ring)
MPRegen 0.08/turn

%: no passive effects
@: unable to hop, slow
A: amphibious, slowness 1, strong legs 1, +LOS
a: Hop


You were on level 2 of the Dungeon.
You visited 1 branch of the dungeon, and saw 2 of its levels.

You collected 15 gold pieces.

Inventory:

Armour
 a - a +0 robe (worn)
Scrolls
 d - a scroll of enchant weapon {unknown}
Potions
 c - a potion of might {unknown}
 e - a potion of invisibility {unknown}


   Skills:
 - Level 2.2 Dodging
 - Level 1.9 Stealth
 + Level 2.3 Spellcasting
 * Level 4.9 Summonings


You had 3 spell levels left.
You knew the following spells:

 Your Spells              Type           Power      Damage    Failure   Level
a - Summon Small Mammal   Summ           64%        N/A       2%          1

Your spell library contained the following spells:

 Spells                   Type           Power      Damage    Failure   Level
 Call Imp                 Summ           32%        N/A       4%          2
 Call Canine Familiar     Summ           16%        N/A       9%          3
 Foxfire                  Conj/Fire      4%         2x1d4     22%         1
 Summon Blazeheart Golem  Fire/Summ      9%         N/A       61%         4
 Summon Lightning Spire   Summ/Air       9%         N/A       61%         4
 Plasma Beam              Fire/Air       0%         2x1d10    100%        6
 Starburst                Conj/Fire      0%         6d3       100%        6


Dungeon Overview and Level Annotations

Branches:
Dungeon (2/15)

Altars:


Innate Abilities, Weirdness & Mutations

You are amphibious.
You cover ground slowly.
You can hop short distances.
You have an extended range of vision and can be seen from far away.


Message History

The quokka misses you.
You see here a frilled lizard corpse.
The quokka twitches its whiskers.
The quokka attacks as it pursues you! The quokka bites you.
The quokka barely misses you.
There is a stone staircase leading down here.
Unknown command.
The quokka barely misses you.
You climb downwards.
Found 7 gold pieces.
There is a stone staircase leading up here.
Unknown command.
Hop to where?
Press: ? - help, Dir - move target 2 jackals come into view.
Boing!
The jackal barks! x2
Okay, then.
Casting: Summon Small Mammal (safe; 2% risk of failure)
Confirm with . or Enter, or press ? or * to list all spells.
Magic courses through your body.
Casting: Summon Small Mammal (safe; 2% risk of failure)
Confirm with . or Enter, or press ? or * to list all spells.
The jackal bites you.
Your rat misses the jackal.
You swap places.
The jackal bites you.
* * * LOW HITPOINT WARNING * * *
The quokka bites your rat.
Your rat dies!
Your rat's corpse disappears in a puff of smoke!
The jackal bites you but does no damage. x2
Your rat bites the jackal.
Casting: Summon Small Mammal (safe; 2% risk of failure)
Confirm with . or Enter, or press ? or * to list all spells.
The hobgoblin shouts!
The jackal bites you.
* * * LOW HITPOINT WARNING * * *
The jackal closely misses you.
Your rat misses the jackal.
The jackal bites you but does no damage.
The jackal closely misses you. The quokka bites you.
You die...

#......<..J.....
#.####g#......b. #
............
#.#+####.#...###..
#........#...#
#......$.#...#
#......r.#...#
#......hr#....
#.....rh@#..###
..........#
...........
.....####.#. ##.##
#.##. ... ..# +#
## #.. +.. #..


You could see a quokka, 2 jackals, a hobgoblin, a friendly quokka (summoned) and
a friendly rat (summoned).

Vanquished Creatures (collateral kills)
  A hobgoblin (D:1)
  2 ball pythons (D:1)
  2 frilled lizards (D:1)
  A rat (D:1)
6 creatures vanquished.

Notes
Turn   | Place    | Note
-------+----------+-------------------------------------------
     0 | D:1      | ChadusMaximus the Barachi Summoner began the quest for the
                  | Orb.
     0 | D:1      | Reached XP level 1. HP: 13/13 MP: 3/3
   233 | D:2      | Slain by a quokka

Illustrated notes

Levels and vault maps discovered:
D:1:      minmay_arrival_stair_chambers, layout_loops_ring,
          shapermc_ecumenical_altar_flowoftime
D:2:      minmay_roachtagon, layout_basic

Action                     || total
---------------------------++-------
  Melee: Unarmed           ||     8
   Cast: Summon Small Mamm ||    13
Ability: Hop               ||     1
    Use: Potion            ||     1
   Stab: Sleeping          ||     1
 Armour: Robe              ||    18
  Dodge: Dodged            ||    22
